 Dungeon Crawl Stone Soup version 0.16-a0-3940-gf8a207b (console) character file.

6068 MarvinPA the Summoner (level 10, 0/63 HPs)
             Began as a Vampire Summoner on Feb 7, 2015.
             Was the Champion of Sif Muna.
             Killed from afar by an electric eel (2 damage)
             ... with a bolt of electricity
             ... on level 1 of the Lair of Beasts.
             The game lasted 00:38:38 (14560 turns).

MarvinPA the Summoner (Vampire Summoner)           Turns: 14560, Time: 00:38:39

Health: 0/63       AC:  6    Str:  7    XL:     10   Next: 57%
Magic:  3/28       EV: 12    Int: 20    God:    Sif Muna [******]
Gold:   582        SH:  0    Dex: 14    Spells: 7 memorised, 5 levels left

rFire  + + .     SeeInvis +     a - +0 Sword of Power
rCold  + . .     Clarity  .     c - +2 robe {MR+}
rNeg   + + .     SustAb   .     (no shield)
rPois  +         Gourm    .     (no helmet)
rElec  +         Spirit   .     n - +0 cloak
rCorr  +         Warding  .     (no gloves)
rMut   .         Stasis   .     m - +0 pair of boots
MR     ++...                    (no amulet)
Stlth  ++........               y - ring of positive energy
                                u - ring of protection from fire

@: resistant, very resistant to hostile enchantments, unstealthy
A: bottle blood, fangs 3, see invisible, unbreathing
a: Bat Form, Channel Energy, Forget Spell, Renounce Religion


You were on level 1 of the Lair of Beasts.
You worshipped Sif Muna.
Sif Muna was exalted by your worship.
You were not thirsty.

You visited 3 branches of the dungeon, and saw 12 of its levels.

You collected 582 gold pieces.


Innate Abilities, Weirdness & Mutations

You can bottle blood from corpses.
You have razor-sharp teeth.
You have supernaturally acute eyesight.
You can survive without breathing.


   Skills:
 - Level 2.1 Dodging
 - Level 3.0 Stealth
 - Level 9.3 Spellcasting
 + Level 11.4 Summonings
 + Level 1.3 Translocations
 - Level 2.3 Ice Magic
 - Level 2.4 Air Magic
 - Level 4.0 Invocations


You had 5 spell levels left.
You knew the following spells:

 Your Spells              Type           Power        Failure   Level  Hunger
c - Call Canine Familiar  Summ           ######..     1%          3    None
r - Recall                Summ/Tloc      N/A          1%          3    None
v - Summon Ice Beast      Ice/Summ       #####...     6%          4    ###....
x - Call Imp              Summ           ######..     1%          2    None
z - Summon Small Mammal   Summ           ####         1%          1    None
V - Summon Forest         Summ/Tloc      #####.....   17%         5    #####..
Z - Summon Lightning Spi  Summ/Air       #####...     6%          4    ###....

Inventory:

Hand weapons
 a - the +0 Sword of Power (weapon)
   (You found it on level 5 of the Dungeon)
Armour
 c - a +2 robe of magic resistance (worn)
 m - a +0 pair of boots (worn)
 n - a +0 cloak (worn)
Jewellery
 h - a ring of teleport control
 u - a ring of protection from fire (left hand)
 y - a ring of positive energy (right hand)
Magical devices
 z - a wand of digging (24)
Scrolls
 g - 5 scrolls of remove curse
 o - 4 scrolls of teleportation {@r4}
 t - 2 scrolls of blinking
Potions
 d - a potion of poison {unknown}
 e - a potion of haste {@q3}
 i - 2 potions of might
 l - 4 potions of brilliance
 r - a potion of cancellation
 w - 4 potions of curing {@q1}
 B - a potion of flight {unknown}
 C - a potion of restore abilities {unknown}
Miscellaneous
 j - a lantern of shadows

Dungeon Overview and Level Annotations

Branches:
Dungeon (10/15)            Temple (1/1) D:4            Lair (1/8) D:10
    Orc: D:9-12

Altars:
Ashenzari
Cheibriados
Dithmenos
Elyvilon
Fedhas
Gozag
Kikubaaqudgha
Makhleb
Nemelex Xobeh
Okawaru
Qazlal
Ru
Sif Muna
Trog
Vehumet
Xom
Yredelemnul
Zin
The Shining One

Shops:
D:6

: #####
#≈≈≈###
##≈≈≈≈≈####
##≈≈≈≈≈≈≈££#
#≈≈≈≈≈≈≈≈££!#
#≈≈≈V≈≈≈££!.#
#≈≈≈≈≈≈≈££..#
##≈≈;≈≈≈≈...#
#≈≈≈≈≈≈≈...#
#≈#≈≈≈≈≈≈.≈≈
###≈†.≈≈≈≈≈≈
#.....≈≈≈≈
#..D..£≈≈#
#...≈≈≈..#


You could see an ice dragon (wandering) and an electric eel.


Message History

You fall into the shallow water.
The electric eel shoots out a bolt of lightning at you!
The bolt of electricity hits you!
* * * LOW HITPOINT WARNING * * *
Found 88 gold pieces and 2 fizzy inky potions.
Enter note: uh oh Drink which item? (? for menu, Esc to quit)
Okay, then.
Unknown command.
Drink which item? (? for menu, Esc to quit)
You feel protected.
You feel roots moving beneath the ground.
The electric eel shoots out a bolt of lightning at you!
The bolt of electricity hits you! You resist.
* * * LOW HITPOINT WARNING * * *
Found 2 fizzy inky potions.
The electric eel shoots out a bolt of lightning at you!
The bolt of electricity hits you! You resist.
* * * LOW HITPOINT WARNING * * *
Something bites your dryad. Something claws your dryad!
Something tramples your dryad!
Your dryad draws upon the vitality of nature.
Your dryad is healed somewhat.
The ice dragon bites your dryad!
Your dryad dies!
The forest abruptly stops moving.
Space becomes stable.
The electric eel shoots out a bolt of lightning at you!
The bolt of electricity hits you! You resist.
You die...

Action                   |  1- 3 |  4- 6 |  7- 9 | 10-12 || total
-------------------------+-------+-------+-------+-------++-------
Melee: Unarmed           |     6 |       |       |       ||     6
       Whip              |    71 |    17 |       |       ||    88
       Great sword       |       |    15 |   115 |    67 ||   197
       Quarterstaff      |       |     6 |       |       ||     6
 Cast: Summon Small Mamm |    73 |    35 |    45 |    21 ||   174
       Call Imp          |     9 |    29 |    58 |    26 ||   122
       Call Canine Famil |     2 |    14 |    37 |    18 ||    71
       Summon Ice Beast  |       |       |    59 |    44 ||   103
       Summon Lightning  |       |       |     5 |     8 ||    13
       Summon Forest     |       |       |       |     1 ||     1
  Use: Potion            |       |     5 |       |     4 ||     9
       Scroll            |       |     3 |    10 |     3 ||    16
 Stab: Sleeping          |     4 |     1 |     2 |       ||     7
       Distracted        |     1 |       |       |       ||     1
  Eat: Corpse            |    15 |     6 |    26 |    13 ||    60

Vault maps used:
D:1:      saegor_arrival_simple_e, minmay_misc_feat_enclosed,
          minmay_splitting_lines, st_stairs_14, minmay_vboxes
D:2:      first_bread
D:3:      good_gods_temple_1, minmay_misc_feat_columns, grunt_decor_one_mirror
D:4:      grunt_temple_overflow_open, minmay_temple_entry_grid, uniq_sigmund,
          uniq_eustachio
D:5:      overflow_temple_1_default, nrook_loot_triangle,
          kennysheep_generic_room_7
D:6:      serial_shops, shop, minivault_27, uniq_duvessa, uniq_pikel,
          uniq_grinder
D:7:      old_standard_altar
D:8:      hangedman_ranch
D:9:      grunt_qazlal_clouds
D:10:     grunt_lair_entry_elf_guard_hut, uniq_fannar
Temple:   temple_eino_lava_8
Lair:1:   dragon1_lemuel, special_room, infiniplex_staircase_pool_2

Notes
Turn   | Place    | Note
--------------------------------------------------------------
     0 | D:1      | MarvinPA, the Vampire Summoner, began the quest for the Orb.
     0 | D:1      | Reached XP level 1. HP: 13/13 MP: 3/3
   428 | D:1      | Reached XP level 2. HP: 19/19 MP: 0/5
   576 | D:1      | Learned a level 2 spell: Call Imp
  1164 | D:2      | Reached XP level 3. HP: 24/24 MP: 0/6
  1222 | D:2      | Learned a level 3 spell: Call Canine Familiar
  2150 | D:3      | Reached skill level 3 in Spellcasting
  2521 | D:3      | Found a glowing silver altar of Zin.
  2522 | D:3      | Found a white marble altar of Elyvilon.
  2523 | D:3      | Found a glowing golden altar of the Shining One.
  3126 | D:3      | Reached XP level 4. HP: 30/30 MP: 0/9
  3356 | D:4      | Found a staircase to the Ecumenical Temple.
  3366 | D:4      | Reached skill level 5 in Summonings
  3381 | Temple   | Entered the Ecumenical Temple
  3418 | Temple   | Became a worshipper of Sif Muna the Loreminder
  3537 | D:4      | Noticed Sigmund
  3549 | D:4      | Killed Sigmund
  3549 | D:4      | Reached XP level 5. HP: 25/35 MP: 1/12
  3567 | D:4      | Reached skill level 4 in Spellcasting
  3684 | D:4      | Found a shattered altar of Ashenzari.
  3687 | D:4      | Found a basalt altar of Yredelemnul.
  3731 | D:4      | Noticed Eustachio
  3745 | D:4      | Identified 2 potions of resistance
  3771 | D:4      | Killed Eustachio
  3812 | D:4      | Reached XP level 6. HP: 22/41 MP: 1/15
  4070 | D:4      | Found a snail-covered altar of Cheibriados.
  4070 | D:4      | Found a sparkling altar of Nemelex Xobeh.
  4074 | D:4      | Found an opulent altar of Gozag.
  4076 | D:4      | Found a burning altar of Makhleb.
  4106 | D:4      | Learned a level 4 spell: Summon Ice Beast
  4111 | D:4      | Learned a level 4 spell: Summon Lightning Spire
  4230 | D:5      | Entered Level 5 of the Dungeon
  4738 | D:5      | Reached skill level 6 in Summonings
  4743 | D:5      | Acquired Sif Muna's first power
  4844 | D:5      | Found a shimmering altar of Xom.
  5462 | D:6      | Noticed Grinder
  5471 | D:6      | Paralysed by Grinder for 2 turns
  5489 | D:6      | Killed Grinder
  5489 | D:6      | Reached skill level 5 in Spellcasting
  5489 | D:6      | Reached XP level 7. HP: 46/46 MP: 5/18
  5831 | D:6      | Noticed Duvessa
  5831 | D:6      | Noticed Dowan
  5846 | D:6      | Killed Duvessa
  5851 | D:6      | Killed Dowan
  5938 | D:6      | Found Dorph's Book Shoppe.
  5985 | D:6      | Noticed a red devil
  6134 | D:6      | Reached skill level 7 in Summonings
  6282 | D:6      | Acquired Sif Muna's second power
  6581 | D:6      | Noticed Pikel
  6608 | D:6      | Killed Pikel
  6608 | D:6      | Reached skill level 6 in Spellcasting
  6608 | D:6      | Reached XP level 8. HP: 23/52 MP: 3/21
  7607 | D:7      | Reached skill level 8 in Summonings
  7702 | D:7      | Reached skill level 7 in Spellcasting
  7828 | D:7      | Found a sacrificial altar of Ru.
  8576 | D:7      | Reached skill level 9 in Summonings
  9211 | D:8      | Reached XP level 9. HP: 52/57 MP: 25/25
  9544 | D:8      | Reached skill level 8 in Spellcasting
  9551 | D:8      | Acquired Sif Muna's third power
 10238 | D:8      | Noticed a three-headed hydra
 10246 | D:8      | Killed a three-headed hydra
 10246 | D:8      | Reached skill level 10 in Summonings
 10655 | D:9      | Noticed timbw's ghost (powerful OpMo)
 10681 | D:9      | Killed timbw's ghost
 10681 | D:9      | Reached skill level 2 in Invocations
 10862 | D:8      | Reached skill level 3 in Invocations
 11359 | D:9      | Found a stormy altar of Qazlal.
 11500 | D:9      | Reached XP level 10. HP: 48/63 MP: 2/27
 11850 | D:9      | Reached skill level 11 in Summonings
 11863 | D:9      | Reached skill level 4 in Invocations
 12127 | D:10     | Entered Level 10 of the Dungeon
 12280 | D:10     | Reached skill level 1 in Air Magic
 12309 | D:10     | Reached skill level 1 in Ice Magic
 12683 | D:10     | Noticed a hill giant
 12692 | D:10     | Killed a hill giant
 12692 | D:10     | Reached skill level 2 in Ice Magic
 12692 | D:10     | Reached skill level 2 in Air Magic
 12711 | D:10     | Noticed Fannar
 12730 | D:10     | HP: 5/63 [Fannar/Ozocubu's Refrigeration (19)]
 12731 | D:10     | ow
 13047 | D:10     | Reached skill level 9 in Spellcasting
 13606 | D:10     | Killed Fannar
 13606 | D:10     | Received a gift from Sif Muna
 13607 | D:10     | Identified Sif Muna's Almanac of Battle Magic and Weightlessness (Sif Muna gifted it to you on level 10 of the Dungeon)
 14000 | D:10     | Learned a level 5 spell: Summon Forest
 14046 | D:10     | Reached skill level 1 in Translocations
 14371 | D:10     | Learned a level 3 spell: Recall
 14456 | D:10     | Found a staircase to the Lair.
 14463 | Lair:1   | Entered Level 1 of the Lair of Beasts
 14537 | Lair:1   | Noticed an ice dragon
 14556 | Lair:1   | HP: 6/63 [electric eel/bolt of electricity (10)]
 14557 | Lair:1   | uh oh
 14559 | Lair:1   | HP: 2/63 [electric eel/bolt of electricity (2)]
 14560 | Lair:1   | Killed from afar by an electric eel

Vanquished Creatures
  Grinder (D:6)
  An orc warrior (D:10)
  A black bear (D:10)
  An eye of draining (D:10)
  A phantom (D:7)
  2 centaurs
  2 giant frogs
  2 wights
  A crimson imp (D:10)
  A goliath beetle (D:7)
  3 worker ants
  A hound (D:4)
  A gnoll (D:8)
  A river rat (D:10)
  2 adders
  A giant mite (D:8)
  A worm (D:6)
  A shadow imp (D:7)
  2 adder skeletons (D:6)
  2 giant geckos
  5 orcs
  A bat skeleton (D:4)
  A goblin (D:3)
  4 hobgoblins
  10 bats
  3 giant cockroaches
  A giant cockroach zombie (D:6)
  4 giant newts
  4 kobolds
  5 rats
  2 ballistomycetes
68 creatures vanquished.

Vanquished Creatures (collateral kills)
  The ghost of timbw the Martial Artist, a powerful OpMo of Makhleb (D:9)
  Fannar (D:10)
  A hydra (D:8)
  A hill giant (D:10)
  Pikel (D:6)
  A wyvern (D:10)
  6 yaks
  Eustachio (D:4)
  A deep elf fighter (D:10)
  3 hippogriffs
  A hungry ghost (D:10)
  A wolf (D:10)
  2 sky beasts
  An orc warrior (D:7)
  A wasp (D:9)
  2 slaves (D:6)
  A black bear (D:8)
  A porcupine (Lair:1)
  2 phantoms
  4 ice beasts
  3 crocodiles
  3 big kobolds (D:8)
  4 ogres
  Sigmund (D:4)
  Duvessa (D:6)
  2 centaurs
  A gnoll sergeant (D:8)
  3 giant frogs
  2 scorpions (D:9)
  12 killer bees
  12 wights
  A goliath beetle (D:6)
  Dowan (D:6)
  A centaur zombie (D:7)
  A giant frog zombie (D:6)
  4 crimson imps
  2 giant frog skeletons
  4 orc priests
  3 hounds
  4 jellies (D:7)
  A centaur skeleton (D:5)
  2 gnoll shamans
  7 iguanas
  4 orc wizards
  3 worker ants
  2 sheep (D:8)
  2 hound skeletons
  3 river rats (D:10)
  7 adders
  16 gnolls
  2 giant mites
  2 worms
  21 orcs
  14 bats
  A bat zombie (D:7)
  6 giant cockroaches
  4 goblins
  7 hobgoblins
  3 jackals
  5 quokkas
  A giant gecko (D:2)
  2 giant newts
  2 giant spores
  6 kobolds
  A quokka zombie (D:5)
  14 rats
  2 ballistomycetes (D:10)
  A fungus (D:10)
239 creatures vanquished.

Vanquished Creatures (others)
  A dryad (Lair:1)
  16 wolves
  15 ice beasts
  11 crimson imps
  2 iron imps
  10 hounds
  3 lightning spires
  3 shadow imps
  16 white imps
  8 bats
  A jackal (D:10)
  24 quokkas
  19 rats
  A fungus (D:10)
130 creatures vanquished.

Grand Total: 437 creatures vanquished
